 Dungeon Crawl Stone Soup version 0.29-a0-838-g385bb11a5b (webtiles) character file.

Game seed: 18248730585246273787

21 purpskrrrp the Sneak (level 2, -17/13 HPs)
             Began as a Vine Stalker Enchanter on July 13, 2022.
             Engulfed by a cloud of flame (19 damage)
             ... on level 1 of the Dungeon.
             The game lasted 00:02:41 (1314 turns).

purpskrrrp the Sneak (Vine Stalker Enchanter)       Turns: 1314, Time: 00:02:42

Health: -17/13     AC:  3    Str: 10    XL:     2   Next: 83%
Magic:  0/6        EV: 12    Int: 15    God:
Gold:   29         SH:  0    Dex: 14    Spells: 5/5 levels left

rFire   . . .      SeeInvis .   h - +0 dagger (freeze)
rCold   . . .      Faith    .   (no shield)
rNeg    . . .      Spirit   +   b - +0 robe
rPois   .          Reflect  .   (no helmet)
rElec   .          Harm     .   (no cloak)
rCorr   .          Rampage  .   (no gloves)
Will    .....                   g - +0 pair of boots
Stlth   +++.......              (no amulet)
HPRegen 0.04/turn               (no ring)
MPRegen 0.10/turn               (no ring)

@: no status effects
A: fangs 2, magic shield, antimagic bite, no potion heal 2
a: no special abilities


You were on level 1 of the Dungeon.
You visited 1 branch of the dungeon, and saw 1 of its levels.

You collected 29 gold pieces.

Inventory:

Hand Weapons
 a - a +1 dagger
 h - a +0 dagger of freezing (weapon)
Armour
 b - a +0 robe (worn)
 g - a +0 pair of boots (worn)
Scrolls
 f - 2 scrolls of enchant weapon {unknown}
 j - a scroll of vulnerability {unknown}
 k - a scroll of amnesia {unknown}
Potions
 c - 2 potions of invisibility
 d - 3 potions of curing {unknown}
 e - a potion of might {unknown}
 i - 2 potions of haste {unknown}


   Skills:
 + Level 1.1 Short Blades
 - Level 1.5 Dodging
 * Level 4.9 Stealth
 - Level 2.1 Spellcasting
 - Level 3.0 Hexes


You had 5 spell levels left.
You didn't know any spells.
Your spell library contained the following spells:

 Spells                   Type           Power      Damage    Failure   Level
 Ensorcelled Hibernation  Hex/Ice        12%        N/A       19%         2
 Confusing Touch          Hex            10%        N/A       19%         3
 Tukima's Dance           Hex            10%        N/A       19%         3
 Sting                    Tmut/Pois      4%         1d3       22%         1
 Blink                    Tloc           2%         N/A       32%         2
 Poisonous Vapours        Pois/Air       2%         N/A       32%         2
 Dazzling Flash           Conj/Hex       12%        N/A       34%         3
 Lesser Beckoning         Tloc           1%         N/A       54%         3
 Olgreb's Toxic Radiance  Pois           1%         N/A       91%         4
 Manifold Assault         Tloc           1%         N/A       99%         5


Dungeon Overview and Level Annotations

Branches:
Dungeon (1/15)

Altars:


Innate Abilities, Weirdness & Mutations

You have extremely sharp teeth.
When hurt, damage is shared between your health and your magic reserves.
Your bite disrupts and absorbs the magic of your enemies.
Potions cannot restore your health.


Message History

You hit the giant cockroach. You freeze the giant cockroach.
You kill the giant cockroach!
No target in view!
No target in view!
There is an open door here.
A hobgoblin comes into view.
A hobgoblin comes into view.
The hobgoblin shouts! x2
You barely miss the hobgoblin. The hobgoblin barely misses you.
You hit the hobgoblin. You freeze the hobgoblin.
The hobgoblin is moderately wounded.
The hobgoblin hits you but does no damage.
You hit the hobgoblin. You freeze the hobgoblin.
You kill the hobgoblin!
The hobgoblin hits you.
You hit the hobgoblin. You freeze the hobgoblin.
You bite the hobgoblin, but do no damage.
The hobgoblin is severely wounded.
The hobgoblin misses you.
You hit the hobgoblin. You freeze the hobgoblin.
You kill the hobgoblin!
No target in view!
No target in view!
No target in view!
You see here 6 poisoned darts.
There is a stone staircase leading down here.
You now have 29 gold pieces (gained 4).
There is a stone staircase leading down here.
You see here 6 poisoned darts.
Partly explored, can't reach some items and places.
Partly explored, can't reach some items and places.
Really stalk into a travel-excluded area?
Really stalk into that cloud of flame?
You are engulfed in blazing flames.
Ouch! That really hurt!
* * * LOW HITPOINT WARNING * * *
Really stalk into that cloud of flame?
You are engulfed in blazing flames.
Ouch! That really hurt!
You die...

...##...####.# #.......# #.#
...##........# #.......# #..
...##.#.#############.......#####
....#.#........÷....##...........
#...#...............#############
#...##..............#
#......>..(.........# ###########
#....##...#####...### #.........#
'....###### #§@§# #.........'
#....####.# #☼○○# #.........#
.#+#......# #○☼§# #.........#
.#.######.#####...#####....†....#
.#.# #..§....$$.§.○..........#
.#.# #..☼☼§.:...○§§.....)....+
.#.# ##.§§☼.$!).☼°§..........#
.#.# #####...#####.........# .#.#
#.§§# #.........#


There were no monsters in sight!

Vanquished Creatures
  3 ball pythons (D:1)
  2 bats (D:1)
  3 giant cockroaches (D:1)
  3 goblins (D:1)
  3 hobgoblins (D:1)
  A quokka (D:1)
  2 kobolds (D:1)
  A rat (D:1)
18 creatures vanquished.

Notes
Turn   | Place    | Note
-------+----------+-------------------------------------------
     0 | D:1      | purpskrrrp the Vine Stalker Enchanter began the quest for
                  | the Orb.
     0 | D:1      | Reached XP level 1. HP: 9/9 MP: 4/4
   153 | D:1      | Reached skill level 4 in Stealth
   448 | D:1      | Reached XP level 2. HP: 13/13 MP: 6/6
   478 | D:1      | Reached skill level 1 in Short Blades
  1314 | D:1      | Engulfed by a cloud of flame

Illustrated notes

Levels and vault maps discovered:
D:1:      amcnicky_arrival_blooded_trapdoor, layout_basic, lemuel_flame_loot_1

Skill      XL: |  1  2 |
---------------+-------+-----
Stealth        | 4 |  4.9
Short Blades   | 1 |  1.1
Dodging        | |  1.5
Spellcasting   | |  2.1
Hexes          | |  3.0

Action                   || total
-------------------------++-------
Melee: Dagger            ||    64
       Bite              ||    14
 Stab: Sleeping          ||     1
Armor: Robe              ||    17
Dodge: Dodged            ||    34

Table legend: (Time is in decaauts)
 A = Elapsed time spent in this place.
 B = Non-inter-level travel time spent in this place.
 C = Inter-level travel time spent in this place.
 D = Time resting spent in this place.
 E = Time spent auto-exploring this place.
 F = Levels seen in this place.
 G = Mean time per level.
                   A        B        C        D        E       F      G
               +--------+--------+--------+--------+--------+-----+--------+
         Total |   1310 |   1310 |      0 |      0 |   1137 |   1 | 1310.0 |
       Dungeon |   1310 |   1310 |      0 |      0 |   1137 |   1 | 1310.0 |
               +--------+--------+--------+--------+--------+-----+--------+

Top non-repeatable levels by time:
     D:1: 1310 daAuts
